 Dungeon Crawl Stone Soup version 0.30-a0-857-gcaf70739d4 (webtiles) character file.

Game seed: 5690327670709782460

1452 Maxmaps the Skirmisher (level 8, -2/96 HPs)
             Began as a Gnoll Hunter on Mar 5, 2023.
             Was an Initiate of Cheibriados.
             Slain by a steam dragon (10 damage)
             ... on level 6 of the Dungeon.
             The game lasted 00:06:06 (5251 turns).

Maxmaps the Skirmisher (Gnoll Hunter)               Turns: 5251, Time: 00:06:07

Health: -2/96      AC: 24    Str: 11    XL:     8   Next: 75%
Magic:  13/13      EV:  2    Int: 13    God:    Cheibriados [......]
Gold:   287        SH:  0    Dex: 16    Spells: 14/14 levels left

rFire   . . .      SeeInvis +    a - +1 shortbow (chaos)
rCold   . . .      Faith    .    (shield currently unavailable)
rNeg    . . .      Spirit   .    o - melded +2 scale mail {rC+}
rPois   +          Reflect  .    (helmet currently unavailable)
rElec   .          Rampage  .    (cloak currently unavailable)
rCorr   .          NoTele   +    (gloves currently unavailable)
Will    .....                    (boots currently unavailable)
Stlth   +++                      (no amulet)
HPRegen 0.36/turn                c - ring of see invisible
MPRegen 0.13/turn                (no ring)

@: tree-form, weak-willed, very slow
A: stationary, stasis, torment immunity, boosted hp, (fangs 1), strong nose,
distributed training
a: Renounce Religion


You were on level 6 of the Dungeon.
You worshipped Cheibriados.
Cheibriados was noncommittal.
You were a tree.
You visited 1 branch of the dungeon, and saw 6 of its levels.
You also visited: Sewer.

You collected 287 gold pieces.

Inventory:

Hand Weapons
 a - a +1 shortbow of chaos (weapon)
Missiles
 f - 6 javelins
Armour
 d - a +0 buckler
 o - a +2 scale mail of cold resistance (melded)
Jewellery
 c - a ring of see invisible (left branch)
Wands
 e - a wand of mindburst (11)
 i - a wand of paralysis (10)
 t - a wand of digging (3)
 u - a wand of light (8)
 v - a wand of iceblast (11)
Scrolls
 b - 4 scrolls of immolation
 j - a scroll of teleportation {unknown}
 p - a scroll of vulnerability
 q - a scroll of torment
Potions
 g - 2 potions of degeneration
 h - 2 potions of ambrosia
 m - 2 potions of mutation
 r - a potion of flight
 s - a potion of invisibility
 w - a potion of might {unknown}
 x - a potion of heal wounds


   Skills:
 + Level 5.9 Fighting
 + Level 3.7 Short Blades
 + Level 3.7 Long Blades
 + Level 3.7 Axes
 + Level 3.7 Maces & Flails
 + Level 3.7 Polearms
 + Level 3.7 Staves
 + Level 9.3 Ranged Weapons
 + Level 3.7 Throwing
 + Level 3.7 Armour
 + Level 5.9 Dodging
 + Level 4.4 Stealth
 + Level 3.7 Shields
 + Level 3.7 Unarmed Combat
 + Level 3.7 Spellcasting
 + Level 3.0 Conjurations
 + Level 3.0 Hexes
 + Level 3.0 Summonings
 + Level 3.0 Necromancy
 + Level 3.0 Translocations
 + Level 3.0 Transmutations
 + Level 3.0 Fire Magic
 + Level 3.0 Ice Magic
 + Level 3.0 Air Magic
 + Level 3.0 Earth Magic
 + Level 3.0 Poison Magic
 + Level 4.0 Invocations
 + Level 3.7 Evocations


You had 14 spell levels left.
You didn't know any spells.
Your spell library contained the following spells:

 Spells                   Type           Power      Damage    Failure   Level
 Sublimation of Blood     Necr           10%        N/A       10%         2
 Wereblood                Tmut           10%        N/A       10%         2
 Gell's Gravitas          Tloc           10%        N/A       19%         3
 Teleport Other           Tloc           10%        N/A       19%         3
 Dispersal                Tloc           5%         N/A       100%        6
 Summon Hydra             Summ           5%         N/A       100%        7


Dungeon Overview and Level Annotations

Branches:
Dungeon (6/15)              Sewer (visited)
 Temple: D:4-7

Altars:
Cheibriados

Shops:
D:6 [


Innate Abilities, Weirdness & Mutations

You are a tree.
Your roots penetrate the ground, keeping you stationary.
You cannot be teleported.
You are immune to unholy pain and torment.
Your maximum health is greatly increased.
Your equipment is partially melded.
((You have very sharp teeth.))
Your uncanny sense of smell can sniff out nearby items.
Your experience applies equally to all skills.


Message History

You shoot an arrow.
The arrow completely misses the steam dragon.
The steam dragon bites you.
* * * LOW HITPOINT WARNING * * *
The steam dragon claws you but does no damage.
The steam dragon barely misses you. x2
As you read the scroll labelled RUID PA CARICAET, it crumbles to dust.
Magic quickly surges around you.
It was a scroll of vulnerability.
The steam dragon bites you!
* * * LOW HITPOINT WARNING * * *
The steam dragon barely misses you. The steam dragon closely misses you.
The steam dragon claws you.
* * * LOW HITPOINT WARNING * * *
Really quaff the potion of lignification?
You turn into a tree.
Your +2 scale mail of cold resistance melds into your body.
You feel less resistant to cold.
Your roots penetrate the ground.
The steam dragon barely misses you.
The steam dragon claws you but does no damage.
You feel much better. The steam dragon bites you!
* * * LOW HITPOINT WARNING * * *
The steam dragon claws you but does no damage.
The steam dragon bites you!
* * * LOW HITPOINT WARNING * * *
The steam dragon claws you but does no damage.
Fire: a) +1 shortbow (chaos)
Press: ? - help, Q - select action, (/) - cycle Shift-Dir - straight line, f/p - steam dragon
Aim: a steam dragon (heavily wounded, berserk, weak-willed, 67% to hit)
You shoot an arrow. The arrow hits the steam dragon.
You feel better.
The steam dragon is heavily wounded.
The steam dragon bites you!
* * * LOW HITPOINT WARNING * * *
The steam dragon claws you but does no damage.
Fire: a) +1 shortbow (chaos)
Press: ? - help, Q - select action, (/) - cycle Shift-Dir - straight line, f/p - steam dragon
Aim: a steam dragon (heavily wounded, berserk, weak-willed, 67% to hit)
You shoot an arrow. The arrow hits the steam dragon!
You feel better.
The steam dragon is almost dead.
The steam dragon bites you!
You die...

####.###. ##<....... ......###.
.####.# .# #.# .# #.####
.####.#...
.........######################.#
.####.#.........♣D..............
.# #.#.......##########....### .#
#.#...###................#
.####.#.#.###############....#
............... ........>..#
......#.#.##### ########'###
####....#... .......D§§#
...+....#.#.. ####.§§.†.#
...#...|#.##...########§§.§..#


You could see a steam dragon (berserk, weak-willed).

Vanquished Creatures
  Sigmund (D:5)
  Duvessa (D:5)
  2 water moccasins
  A black bear (D:6)
  A sky beast (D:6)
  A kobold brigand (D:5)
  A scorpion (D:5)
  Dowan (D:5)
  2 jellies (D:5)
  4 hounds
  A sleepcap (D:5)
  5 iguanas (D:5)
  4 gnolls
  12 adders
  A white imp (D:5)
  An ufetubus (D:6)
  6 worms
  A dart slug (D:1)
  7 orcs
  9 endoplasms
  A giant cockroach (D:4)
  3 hobgoblins
  14 jackals
  2 quokkas
  10 ball pythons
  10 bats
  3 frilled lizards
  19 kobolds
  3 rats
127 creatures vanquished.

Vanquished Creatures (others)
  A howler monkey (D:6)
1 creature vanquished.

Grand Total: 128 creatures vanquished

Notes
Turn   | Place    | Note
-------+----------+-------------------------------------------
     0 | D:1      | Maxmaps the Gnoll Hunter began the quest for the Orb.
     0 | D:1      | Reached XP level 1. HP: 20/20 MP: 1/1
   304 | D:1      | Reached XP level 2. HP: 25/26 MP: 2/2
   847 | D:2      | Reached XP level 3. HP: 29/31 MP: 2/4
   854 | D:2      | Reached skill level 1 in Invocations
  1002 | D:2      | Reached skill level 1 in Short Blades
  1002 | D:2      | Reached skill level 1 in Long Blades
  1002 | D:2      | Reached skill level 1 in Axes
  1002 | D:2      | Reached skill level 1 in Maces & Flails
  1002 | D:2      | Reached skill level 1 in Polearms
  1002 | D:2      | Reached skill level 1 in Staves
  1002 | D:2      | Reached skill level 1 in Throwing
  1002 | D:2      | Reached skill level 1 in Armour
  1002 | D:2      | Reached skill level 1 in Shields
  1002 | D:2      | Reached skill level 1 in Unarmed Combat
  1002 | D:2      | Reached skill level 1 in Spellcasting
  1002 | D:2      | Reached skill level 1 in Evocations
  1373 | D:2      | Reached XP level 4. HP: 38/38 MP: 5/5
  1385 | D:2      | Reached skill level 1 in Conjurations
  1385 | D:2      | Reached skill level 1 in Hexes
  1385 | D:2      | Reached skill level 1 in Summonings
  1385 | D:2      | Reached skill level 1 in Necromancy
  1385 | D:2      | Reached skill level 1 in Translocations
  1385 | D:2      | Reached skill level 1 in Transmutations
  1385 | D:2      | Reached skill level 1 in Fire Magic
  1385 | D:2      | Reached skill level 1 in Ice Magic
  1385 | D:2      | Reached skill level 1 in Air Magic
  1385 | D:2      | Reached skill level 1 in Earth Magic
  1385 | D:2      | Reached skill level 1 in Poison Magic
  1841 | D:3      | Reached XP level 5. HP: 43/43 MP: 7/7
  2961 | D:4      | Reached XP level 6. HP: 48/50 MP: 8/8
  3126 | D:5      | Entered Level 5 of the Dungeon
  3148 | D:5      | Found a glowing drain.
  3157 | Sewer    | Entered a sewer
  3202 | Sewer    | Noticed a water moccasin
  3226 | Sewer    | Killed a water moccasin
  3227 | Sewer    | Reached skill level 5 in Fighting
  3227 | Sewer    | Reached skill level 5 in Dodging
  3617 | D:5      | Reached XP level 7. HP: 56/56 MP: 10/10
  3916 | D:5      | Reached skill level 9 in Ranged Weapons
  4128 | D:5      | Noticed Dowan
  4129 | D:5      | Noticed Duvessa
  4153 | D:5      | Killed Duvessa
  4159 | D:5      | Killed Dowan
  4160 | D:5      | Reached XP level 8. HP: 46/63 MP: 12/12
  4268 | D:5      | Noticed Sigmund
  4281 | D:5      | Killed Sigmund
  4320 | D:5      | Found a snail-covered altar of Cheibriados.
  4337 | D:5      | Became a worshipper of Cheibriados the Contemplative
  4822 | D:6      | Found Dok Yrphar's Armour Shop.
  5250 | D:6      | HP: 3/96 [steam dragon (9)]
  5251 | D:6      | Slain by a steam dragon

Illustrated notes

Levels and vault maps discovered:
D:1:      dpeg_arrival_three_same_balls, layout_basic, minmay_octomino_c4
D:2:      layout_loops_ring, minmay_unequal
D:3:      layout_rooms
D:4:      layout_gridville, kennysheep_generic_room_10
D:5:      minmay_evil_eye, layout_basic, cheibrodos_worm_habitat,
          portal_sewer_entry_d, cheibrodos_gnoll_hut, uniq_duvessa, uniq_sigmund
D:6:      layout_basic, grunt_temple_overflow_open, serial_shops,
          nicolae_shop_stone

Skill      XL: |  1  2  3  4  5  6  7  8 |
---------------+-------------------------+-----
Invocations    | 1 2 3 4 |  4.0
Short Blades   | 1 2 3 |  3.7
Long Blades    | 1 2 3 |  3.7
Axes           | 1 2 3 |  3.7
Maces & Flails | 1 2 3 |  3.7
Polearms       | 1 2 3 |  3.7
Staves         | 1 2 3 |  3.7
Throwing       | 1 2 3 |  3.7
Armour         | 1 2 3 |  3.7
Shields        | 1 2 3 |  3.7
Unarmed Combat | 1 2 3 |  3.7
Spellcasting   | 1 2 3 |  3.7
Evocations     | 1 2 3 |  3.7
Conjurations   | 1 2 3 |  3.0
Hexes          | 1 2 3 |  3.0
Summonings     | 1 2 3 |  3.0
Necromancy     | 1 2 3 |  3.0
Translocations | 1 2 3 |  3.0
Transmutations | 1 2 3 |  3.0
Fire Magic     | 1 2 3 |  3.0
Ice Magic      | 1 2 3 |  3.0
Air Magic      | 1 2 3 |  3.0
Earth Magic    | 1 2 3 |  3.0
Poison Magic   | 1 2 3 |  3.0
Stealth        | 3 4 |  4.4
Fighting       | 5 |  5.9
Dodging        | 5 |  5.9
Ranged Weapons | 9 |  9.3

Action                     |  1- 3 |  4- 6 |  7- 9 || total
---------------------------+-------+-------+-------++-------
   Fire: Shortbow          |    83 |   211 |   147 ||   441
    Use: Scroll            |       |    10 |     4 ||    14
         Potion            |       |     4 |     2 ||     6
 Armour: Leather armour    |     5 |       |       ||     5
         Ring mail         |     6 |       |       ||     6
         Scale mail        |       |    71 |    33 ||   104
         Skin              |       |       |     4 ||     4
  Dodge: Dodged            |    24 |    78 |    47 ||   149

Table legend: (Time is in decaauts)
 A = Elapsed time spent in this place.
 B = Non-inter-level travel time spent in this place.
 C = Inter-level travel time spent in this place.
 D = Time resting spent in this place.
 E = Time spent auto-exploring this place.
 F = Levels seen in this place.
 G = Mean time per level.
                   A        B        C        D        E       F      G
               +--------+--------+--------+--------+--------+-----+--------+
         Total |   5605 |   5481 |    124 |    361 |   4153 |   7 |  800.7 |
       Dungeon |   5356 |   5232 |    124 |    248 |   4074 |   6 |  892.7 |
         Sewer |    249 |    249 |      0 |    113 |     78 |   1 |  249.0 |
               +--------+--------+--------+--------+--------+-----+--------+

Top non-repeatable levels by time:
     D:5: 1602 daAuts
     D:4: 992 daAuts
     D:2: 931 daAuts
     D:1: 845 daAuts
     D:6: 550 daAuts
     D:3: 434 daAuts
   Sewer: 249 daAuts
